AoeStats
← 嘉宝叔叔

Arabia

510065928Analyzed
1v1 RM · 4d ago on Sep 29, 2026· 41m 27s· 2 players
Game mode
Random Map
Map size
Tiny (2 player)
Population
200
Speed
Normal
Resources
Standard
Victory
Conquest
Starting age
Dark Age
Ending age
Imperial Age
RankedLock teamsTeams togetherTeam positionsShared explorationLock speedFull tech treeHidden civsTurbo modeCheats
Victory
Defeat
🇨🇳 Saracens · China
1315
+26
🇫🇷 Malians · France
1288
-15
JEAN MAX
3:07 Loom
11:37 Feudal Age
12:27 Double-Bit Axe
12:35 Horse Collar
13:48 Wheelbarrow
17:08 Fletching
20:08 Castle Age
18:20 Fletching
19:02 Stone Mining
19:04 Gold Mining
20:13 Arson
20:36 Scale Mail Armor
20:37 Padded Archer Armor
20:31 Elite Skirmisher
21:44 Squires
25:07 Ballistics
25:21 Hand Cart
28:03 Heavy Plow
29:24 Gold Shaft Mining
29:24 Forging
30:53 Iron Casting
30:53 Bodkin Arrow
30:44 Pikeman
35:05 Imperial Age
34:38 Thumb Ring
35:56 Husbandry
35:18 Elite Gbeto
36:06 Farimba
36:20 Caravan
36:32 Scale Barding Armor
36:01 Light Cavalry
37:09 Bloodlines
37:23 Conscription
38:17 Chain Barding Armor
38:59 Leather Archer Armor
40:12 Plate Barding Armor
嘉宝叔叔
6:20 Loom
9:53 Feudal Age
10:22 Double-Bit Axe
11:51 Horse Collar
14:48 Fletching
20:31 Castle Age
18:49 Gold Mining
20:13 Town Watch
21:16 Bodkin Arrow
20:42 Crossbowman
21:46 Bow Saw
21:58 Heavy Plow
22:37 Wheelbarrow
23:32 Padded Archer Armor
31:15 Imperial Age
31:57 Bracer
31:19 Arbalester
33:03 Chemistry
32:59 Ballistics
33:10 Hand Cart
34:04 Leather Archer Armor
34:22 Conscription
35:59 Scale Barding Armor
36:05 Forging
36:07 Thumb Ring
36:03 Light Cavalry
36:54 Bloodlines
37:14 Chain Barding Armor
37:33 Husbandry
37:45 Forging
38:39 Plate Barding Armor
39:45 Iron Casting
39:22 Hussar
42:27 Blast Furnace
41:57 Ring Archer Armor
42:56 Two-Man Saw
Connection lost

Rejoining the realm…

Still unreachable

The connection could not be restored.

Session expired

The server has moved on; the page needs a fresh start.